 Dungeon Crawl Stone Soup version 0.24.1 (console) character file.

Game seed: 5157687159337175838, levelgen mode: deterministic

126 OTRawrior the Conjurer (level 4, -3/24 HPs)
             Began as a Deep Elf Conjurer on Mar 27, 2020.
             Slain by a gnoll
             ... wielding a +0 spear
              (12 damage)
             ... on level 2 of the Dungeon.
             The game lasted 00:03:02 (1608 turns).

OTRawrior the Conjurer (Deep Elf Conjurer)          Turns: 1608, Time: 00:03:02

Health: -3/24      AC:  2    Str:  6    XL:     4   Next: 84%
Magic:  6/12       EV: 13    Int: 20    God:
Gold:   67         SH:  0    Dex: 15    Spells: 5/12 levels left

rFire    . . .     SeeInvis .   b - -2 hand axe (curse)
rCold    . . .     Gourm    .   (no shield)
rNeg     . . .     Faith    .   a - +0 robe
rPois    .         Spirit   .   (no helmet)
rElec    .         Reflect  .   (no cloak)
rCorr    .         Harm     .   (no gloves)
MR       .....                  (no boots)
Stlth    ++........             (no amulet)
HPRegen  0.08/turn              (no ring)
MPRegen  0.13/turn              (no ring)

@: no status effects
A: no striking features
a: no special abilities


You were on level 2 of the Dungeon.
You were not hungry.

You visited 1 branch of the dungeon, and saw 4 of its levels.

You collected 67 gold pieces.

Inventory:

Hand Weapons
 b - a cursed -2 hand axe (weapon)
 j - a +0 short sword
Armour
 a - a +0 robe (worn)
Scrolls
 e - 2 scrolls of enchant weapon {unknown}
 g - 2 scrolls of identify {unknown}
 h - a scroll of enchant armour {unknown}
 l - 2 scrolls of random uselessness {unknown}
 m - 2 scrolls of remove curse {unknown}
Potions
 d - 3 potions of curing {unknown}
 f - a potion of resistance {unknown}
 i - a potion of agility {unknown}
 k - a potion of invisibility {unknown}
Comestibles
 c - 9 rations
 n - 2 chunks of flesh


   Skills:
 - Level 2.4 Dodging
 - Level 2.4 Stealth
 + Level 4.6 Spellcasting
 * Level 6.1 Conjurations


You had 5 spell levels left.
You knew the following spells:

 Your Spells              Type           Power        Failure   Level  Hunger
a - Magic Dart            Conj           ####         1%          1    None
b - Searing Ray           Conj           ####..       1%          2    #......
c - Iskenderun's Mystic   Conj           ####....     10%         4    ####...

Your spell library contained the following spells:

 Spells                   Type           Power        Failure   Level  Hunger
 Dazzling Spray           Conj/Hex       ###...       10%         3    ##.....
 Force Lance              Conj/Tloc      ###.....     32%         4    ####...
 Fulminant Prism          Conj/Hex       ###.......   32%         4    ####...


Dungeon Overview and Level Annotations

Branches:
Dungeon (4/15)
 Temple: D:4-7

Altars:
Kikubaaqudgha
Nemelex Xobeh
Wu Jian


Message History

The gnoll is heavily wounded.
The gnoll barely misses you.
Casting: Magic Dart (safe; 1% risk of failure)
Confirm with . or Enter, or press ? or * to list all spells.
Aiming: Magic Dart (safe; 1% risk of failure)
Press: ? - help, Shift-Dir - straight line, f/p - gnoll
Aim: a gnoll, wielding a +0 spear (heavily wounded)
The magic dart hits the gnoll.
The gnoll is severely wounded.
The gnoll hits you from afar with a +0 spear.
Casting: Magic Dart (safe; 1% risk of failure)
Confirm with . or Enter, or press ? or * to list all spells.
Aiming: Magic Dart (safe; 1% risk of failure)
Press: ? - help, Shift-Dir - straight line, f/p - gnoll
Aim: a gnoll, wielding a +0 spear (severely wounded)
The magic dart hits the gnoll.
The gnoll is severely wounded.
The gnoll hits you from afar with a +0 spear!
Ouch! That really hurt!
You die...

#.# #.# #.#
#.# #.# #.# #
#.# #
.#####.###.#
.......g.@..#
........#####
gg...)#.#
..###.#.# ##
. #.#.# .# #
#.# .# #.# .+
#. .#


You could see a gnoll.

Vanquished Creatures
  A howler monkey (D:4)
  5 gnolls
  An adder (D:2)
  An adder skeleton (D:4)
  An orc (D:2)
  A giant cockroach (D:4)
  4 goblins
  4 hobgoblins
  5 kobolds
  3 bats
  2 frilled lizards
  2 rats
30 creatures vanquished.

Vanquished Creatures (others)
  A quokka (D:4)
1 creature vanquished.

Grand Total: 31 creatures vanquished

Notes
Turn   | Place    | Note
-------+----------+-------------------------------------------
     0 | D:1      | OTRawrior the Deep Elf Conjurer began the quest for the
                  | Orb.
     0 | D:1      | Reached XP level 1. HP: 10/10 MP: 6/6
   250 | D:1      | Found a sparkling altar of Nemelex Xobeh.
   444 | D:1      | Reached XP level 2. HP: 15/15 MP: 4/8
   448 | D:1      | Learned a level 2 spell: Searing Ray
   657 | D:2      | Reached skill level 5 in Conjurations
   805 | D:2      | Reached XP level 3. HP: 19/19 MP: 6/10
  1181 | D:2      | Found an ornate altar of the Wu Jian Council.
  1182 | D:2      | Found an ancient bone altar of Kikubaaqudgha.
  1220 | D:2      | Reached XP level 4. HP: 24/24 MP: 6/12
  1269 | D:2      | Learned a level 4 spell: Iskenderun's Mystic Blast
  1332 | D:2      | You fall into a shaft and drop 2 floors!
  1454 | D:4      | Reached skill level 6 in Conjurations
  1608 | D:2      | Slain by a gnoll

Levels and vault maps discovered:
D:1:      elethiomel_arrival_infinity_welcomes_careful_drivers, layout_rooms,
          nemelex_xobeh_ov_fountains_minmay
D:2:      layout_basic, gammafunk_temple_overflow_pools
D:3:      layout_rooms, uniq_crazy_yiuf_cottage
D:4:      layout_loops_corners, chequers_temple_overflow_statue_of_worship,
          elyvilon_altar_4, first_ration

Skill      XL: |  1  2  3  4 |
---------------+-------------+-----
Conjurations   | 5 6 |  6.1
Spellcasting   | 4 |  4.6
Dodging        | |  2.4
Stealth        | |  2.4

Action                   |  1- 3 |  4- 6 || total
-------------------------+-------+-------++-------
 Cast: Magic Dart        |    36 |    27 ||    63
       Searing Ray       |     4 |       ||     4
  Eat: Chunk             |     1 |     1 ||     2
Armor: Robe              |     3 |     1 ||     4
Dodge: Dodged            |    12 |     5 ||    17
